 Dungeon Crawl Stone Soup version 0.31-a0-263-ge8cad7f256 (webtiles) character file.

Game seed: 17680487678783585327

272 qw the Shooter (level 6, 0/51 HPs)
             Began as a Minotaur Hexslinger on July 13, 2023.
             Slain by a gnoll
             ... wielding a +0 halberd
             ... led by a gnoll bouda
              (13 damage)
             ... on level 3 of the Dungeon.
             The game lasted 00:00:55 (1984 turns).

qw the Shooter (Minotaur Hexslinger)                Turns: 1984, Time: 00:00:55

Health: 0/51       AC:  5    Str: 13    XL:     6   Next: 2%
Magic:  6/6        EV: 11    Int: 10    God:
Gold:   56         SH:  0    Dex: 14    Spells: 6/7 levels left

rFire   . . .        Y - +1 sling (chaos)
rCold   . . .        (no shield)
rNeg    . . .        f - +0 ring mail
rPois   .            (helmet restricted)
rElec   .            (no cloak)
rCorr   .            (no gloves)
SInv    +            (no boots)
Will    .....        (no amulet)
Stlth   +            a - ring of see invisible
HPRegen 0.28/turn    (no ring)
MPRegen 0.10/turn

%: no passive effects
@: weakened
A: horns 2, retaliatory headbutt
a: no special abilities


You were on level 3 of the Dungeon.
You visited 1 branch of the dungeon, and saw 3 of its levels.

You collected 228 gold pieces.
You spent 172 gold pieces at shops.


Innate Abilities, Weirdness & Mutations

You have a pair of horns on your head.
You reflexively headbutt those who attack you in melee.


   Skills:
 + Level 3.1 Fighting
 - Level 6.0 Ranged Weapons
 - Level 2.1 Armour
 - Level 2.1 Dodging
 - Level 1.0 Spellcasting
 - Level 2.0 Hexes


You had 6 spell levels left.
You knew the following spells:

 Your Spells              Type           Power      Damage    Failure   Level
a - Slow                  Hex            16%        N/A       32%         1

Your spell library contained the following spells:

 Spells                   Type           Power      Damage    Failure   Level
 Inner Flame              Hex/Fire       2%         N/A       82%         3
 Portal Projectile        Hex/Tloc       4%         N/A       82%         3
 Cause Fear               Hex            2%         N/A       97%         4

Inventory:

Hand Weapons
 Y - a +1 sling of chaos (weapon)
Armour
 b - a +3 ring mail
 f - a +0 ring mail (worn)
Jewellery
 a - a ring of see invisible (left hand)
Scrolls
 e - 4 scrolls of identify
 i - a scroll of amnesia {unknown}
Potions
 c - a potion of haste
 d - 2 potions of curing
 g - 2 potions of might {unknown}
 h - a potion of degeneration {unknown}

Dungeon Overview and Level Annotations

Branches:
Dungeon (3/15)

Altars:

Shops:
D:1 (   D:3 ?!!=


Message History

The gnoll bouda closely misses you. You furiously retaliate!
You headbutt the gnoll bouda. The gnoll barely misses you.
You shoot a sling bullet.
The sling bullet barely misses the gnoll bouda.
The gnoll bouda closely misses you. You furiously retaliate!
You headbutt the gnoll bouda!
The gnoll hits you from afar with a +0 halberd!
The gnoll bouda completely misses you.
You shoot a sling bullet. The sling bullet hits the gnoll bouda.
The gnoll bouda seems to slow down.
The gnoll bouda is almost dead.
The gnoll barely misses you. The gnoll bouda misses you.
The gnoll hits you from afar with a +0 halberd.
You shoot a sling bullet.
The sling bullet barely misses the gnoll bouda.
The gnoll bouda hits you but does no damage.
The gnoll closely misses you.
The gnoll bouda hits you with a +0 whip.
You shoot a sling bullet. The sling bullet hits the gnoll bouda.
The sling bullet burns the gnoll bouda.
You kill the gnoll bouda!
The gnoll is no longer moving quickly.
The gnoll barely misses you. The gnoll misses you. You furiously retaliate!
You headbutt the gnoll.
Your Ranged Weapons skill increases to level 6!
You have reached level 6!
You shoot a sling bullet. The sling bullet hits the gnoll.
The sling bullet freezes the gnoll.
The gnoll is heavily wounded.
The gnoll is no longer moving quickly.
The gnoll hits you from afar with a +0 halberd.
The gnoll hits you with a +0 club.
You shoot a sling bullet.
The sling bullet closely misses the gnoll.
The gnoll closely misses you. x2; You furiously retaliate!
You headbutt the gnoll. You shoot a sling bullet.
The sling bullet hits the gnoll.
The gnoll is severely wounded.
The gnoll barely misses you. The gnoll hits you but does no damage.
The gnoll hits you from afar with a +0 halberd!
You die...

#................%(........
#..............##.%########
#...~~.~~~~......#..###...%
##...~7~7.)~##(#...))...###
####~.~.7.~##.(.....)..#
~~~~7~~~~~####...>....#
#..~7#~.~...# #.##........
#~~~...~~~~.# #.####...##.
####..~~7@### ..# #.....
..~~.~~g## #.## #......
~~.~~.~g...# #...#..
.~.~..7.~.g.g.#
.##.........### ....
...g.g# ####.......## #
.....<# .......#


You could see 2 gnolls.

Vanquished Creatures
  A gnoll bouda (D:3)
  Natasha (thrice) (D:3)
  Robin (D:2)
  2 adders
  6 gnolls (D:3)
  2 worms (D:2)
  A dart slug (D:1)
  An orc (D:3)
  5 ball pythons
  2 endoplasms (D:2)
  4 giant cockroaches
  13 goblins
  9 hobgoblins
  2 jackals (D:1)
  4 kobolds
  A quokka (D:1)
  5 bats
  3 frilled lizards
  5 rats
70 creatures vanquished.

Notes
Turn   | Place    | Note
-------+----------+-------------------------------------------
     0 | D:1      | qw the Minotaur Hexslinger began the quest for the Orb.
     0 | D:1      | Reached XP level 1. HP: 16/16 MP: 1/1
     0 | D:1      | 0 ||| qw: Version: 0.3-a-52-g30416fa
     0 | D:1      | 0 ||| qw: Game counter: 7403
     0 | D:1      | 0 ||| qw: Melee chars always use a shield: true
     0 | D:1      | 0 ||| qw: God list: Okawaru
     0 | D:1      | 0 ||| qw: Allow faded altars: false
     0 | D:1      | 0 ||| qw: Do Orc after clearing Dungeon:15 true
     0 | D:1      | 0 ||| qw: Do second Lair branch before Depths: true
     0 | D:1      | 0 ||| qw: Lair rune preference: random
     0 | D:1      | 0 ||| qw: Goals: Normal
     0 | D:1      | 0 ||| PLANNING D:1-11
   244 | D:1      | Reached skill level 3 in Ranged Weapons
   244 | D:1      | Reached XP level 2. HP: 23/23 MP: 2/2
   448 | D:1      | Found Louseon's Weapon Shoppe.
   455 | D:1      | 455 ||| SHOPLISTING +1 shortbow of flaming (161 gold, have
                  | 60).
   639 | D:1      | 639 ||| READING scroll labelled INKUUXTAHI.
   640 | D:1      | 640 ||| READING scroll labelled HEOHEG WIET.
   641 | D:1      | 641 ||| READING scroll labelled ATOECU WOGUSHU.
   642 | D:1      | 642 ||| READING scroll labelled QOCALO VYUNG.
   643 | D:1      | 643 ||| DRINKING 2 smoky clear potions.
   644 | D:1      | 644 ||| DROPPING scroll of poison.
   680 | D:2      | Reached XP level 3. HP: 23/29 MP: 3/3
   736 | D:2      | Noticed Robin
   743 | D:2      | 743 ||| Stepping ~*~*~tactically~*~*~ (outnumbered).
   752 | D:2      | Reached skill level 4 in Ranged Weapons
   764 | D:2      | Killed Robin
   874 | D:2      | Found a faded altar of an unknown god.
   883 | D:2      | 883 ||| FLEEEEING.
   884 | D:2      | 884 ||| FLEEEEING.
   885 | D:2      | 885 ||| FLEEEEING.
   886 | D:2      | 886 ||| FLEEEEING.
   887 | D:2      | 887 ||| FLEEEEING.
  1025 | D:2      | Reached XP level 4. HP: 36/36 MP: 4/4
  1366 | D:2      | 1366 ||| UPGRADING to +0 ring mail.
  1376 | D:2      | 1376 ||| DROPPING +0 robe.
  1377 | D:2      | 1377 ||| UPGRADING to ring of see invisible.
  1378 | D:2      | 1378 ||| READING scroll labelled MAEGAL RIMIJE.
  1381 | D:2      | 1381 ||| READING scroll labelled IPSO ENLOATO.
  1418 | D:3      | Found Vimimeab's Jewellery Shoppe.
  1427 | D:3      | 1427 ||| SHOPLISTING +5 ring of evasion (396 gold, have
                  | 135).
  1427 | D:3      | 1427 ||| SHOPLISTING +6 ring of strength (396 gold, have
                  | 135).
  1427 | D:3      | 1427 ||| SHOPLISTING amulet of faith (440 gold, have 135).
  1427 | D:3      | 1427 ||| SHOPLISTING ring of fire (275 gold, have 135).
  1427 | D:3      | 1427 ||| SHOPLISTING ring of resist corrosion (220 gold,
                  | have 135).
  1440 | D:3      | Found Vilim's Distillery.
  1450 | D:3      | 1450 ||| SHOPLISTING 2 potions of haste (200 gold, have
                  | 135).
  1450 | D:3      | 1450 ||| BUYING potion of haste (100 gold).
  1450 | D:3      | Bought a potion of haste for 100 gold pieces
  1450 | D:3      | 1450 ||| SHOPLISTING potion of haste (100 gold, have 35).
  1450 | D:3      | 1450 ||| SHOPLISTING potion of heal wounds (50 gold, have
                  | 35).
  1450 | D:3      | 1450 ||| SHOPLISTING potion of might (40 gold, have 35).
  1450 | D:3      | 1450 ||| SHOPLISTING potion of resistance (100 gold, have
                  | 35).
  1468 | D:3      | Found Baturooc's Magic Scroll Shoppe.
  1488 | D:3      | 1488 ||| BUYING scroll of identify (24 gold).
  1488 | D:3      | Bought a scroll of identify for 24 gold pieces
  1488 | D:3      | 1488 ||| BUYING scroll of identify (24 gold).
  1488 | D:3      | Bought a scroll of identify for 24 gold pieces
  1488 | D:3      | 1488 ||| BUYING scroll of identify (24 gold).
  1488 | D:3      | Bought a scroll of identify for 24 gold pieces
  1488 | D:3      | 1488 ||| SHOPLISTING scroll of identify (24 gold, have 18).
  1488 | D:3      | 1488 ||| SHOPLISTING scroll of teleportation (36 gold, have
                  | 18).
  1564 | D:3      | Noticed Natasha
  1571 | D:3      | Killed Natasha
  1650 | D:3      | Reached skill level 5 in Ranged Weapons
  1654 | D:3      | Reached XP level 5. HP: 37/41 MP: 5/5
  1659 | D:3      | Noticed Natasha
  1666 | D:3      | Killed Natasha
  1675 | D:3      | Reached skill level 3 in Fighting
  1750 | D:3      | Noticed Natasha
  1755 | D:3      | Killed Natasha
  1824 | D:3      | Found Goifenkaho's Distillery.
  1832 | D:3      | 1832 ||| SHOPLISTING potion of cancellation (112 gold, have
                  | 49).
  1832 | D:3      | 1832 ||| SHOPLISTING potion of enlightenment (70 gold, have
                  | 49).
  1832 | D:3      | 1832 ||| SHOPLISTING potion of haste (140 gold, have 49).
  1832 | D:3      | 1832 ||| SHOPLISTING potion of heal wounds (70 gold, have
                  | 49).
  1832 | D:3      | 1832 ||| SHOPLISTING potion of might (56 gold, have 49).
  1967 | D:3      | 1967 ||| Stepping ~*~*~tactically~*~*~ (outnumbered).
  1982 | D:3      | Reached skill level 6 in Ranged Weapons
  1982 | D:3      | Reached XP level 6. HP: 18/51 MP: 6/6
  1982 | D:3      | HP: 12/51 [gnoll/+0 club[a gnoll bouda] (1)]
  1984 | D:3      | Slain by a gnoll

Levels and vault maps discovered:
D:1:      enne_arrival_octagon_isle, layout_basic, serial_shops, shop
D:2:      layout_rooms, ebering_ecumenical_altar_mist, uniq_robin
D:3:      layout_rooms, serial_shops, nicolae_shop_competitors_out_of_business,
          nicolae_shop_waterfront, shop_coins, nicolae_shop_tiny_waterfront,
          chequers_serial_rivers_marsh, serial_park_tiny_1, serial_bayou_pond_c,
          uniq_natasha

Skill      XL: |  1  2  3  4  5 |
---------------+----------------+-----
Ranged Weapons | 3 4 5 6 |  6.0
Fighting       | 2 3 |  3.1
Armour         | 2 |  2.1
Dodging        | |  2.1
Spellcasting   | |  1.0
Hexes          | |  2.0

Action                     |  1- 3 |  4- 6 || total
---------------------------+-------+-------++-------
   Fire: Sling             |    92 |   125 ||   217
    Use: Scroll            |     4 |     2 ||     6
         Potion            |     1 |       ||     1
 Armour: Robe              |     7 |     1 ||     8
         Ring mail         |       |    12 ||    12
  Dodge: Dodged            |    35 |    49 ||    84

Table legend:
 A = Non-vault XP
 B = Vault XP
 C = Vault XP percentage of total XP
 D = Non-vault monster count
 E = Vault monster count
 F = Vault count percentage of total count
                 A         B        C        D         E       F
            +---------+---------+-------+---------+---------+-------
      Total |     312 |      77 |  19.8 |      56 |      14 |  20.0
            +---------+---------+-------+---------+---------+-------
        D:1 |      30 |       0 |   0.0 |      17 |       0 |   0.0
        D:2 |      47 |      38 |  44.7 |      16 |      13 |  44.8
        D:3 |     235 |      39 |  14.2 |      23 |       1 |   4.2
            +---------+---------+-------+---------+---------+-------
